 Dungeon Crawl Stone Soup version 0.32-a0-290-g598725c5f2 (webtiles) character file.

Game seed: 352262535304750563

100 timneilson the Ruffian (level 4, -4/29 HPs)
             Began as an Octopode Shapeshifter on Feb 13, 2024.
             Slain by Natasha (6 damage)
             ... on level 2 of the Dungeon.
             The game lasted 00:02:42 (849 turns).

timneilson the Ruffian (Octopode Shapeshifter)       Turns: 849, Time: 00:02:42

Health: -4/29      AC:  1    Str: 15    XL:     4   Next: 73%
Magic:  4/4        EV: 13    Int: 12    God:
Gold:   87         SH:  0    Dex: 11    Spells: 3/3 levels left

rFire   . .          .
                       - Unarmed
rCold   . . .        (no shield)
rNeg    . . .        (helmet currently unavailable)
rPois   .            (no amulet)
rElec   .            (no ring)
rCorr   .            (no ring)
SInv    .            (no ring)
Will    .....        (no ring)
Stlth   ++           (no ring)
HPRegen 0.24/turn    (no ring)
MPRegen 0.09/turn    (no ring)
                     (no ring)

%: no passive effects
@: beast-form, slowed, very slow
A: beast (slay +2), almost no armour, amphibious, 8 rings, camouflage 1,
gelatinous body 1, (nimble swimmer 1), tentacles
a: Begin Untransformation


You were on level 2 of the Dungeon.
You were a hulking beast.
You visited 1 branch of the dungeon, and saw 2 of its levels.

You collected 87 gold pieces.

Inventory:

Jewellery
 h - a ring of ice
Talismans
 b - a beast talisman (active)
 c - a flux talisman
Potions
 a - a potion of lignification
 g - a potion of mutation {unknown}


   Skills:
 + Level 2.2 Fighting
 + Level 2.9 Dodging
 + Level 3.7 Unarmed Combat
 + Level 3.5 Shapeshifting


You had 3 spell levels left.
You didn't know any spells.
Your spell library contained the following spells:

 Spells                   Type           Power      Damage    Failure   Level
 Kiss of Death            Conj/Necr      0%         2d5       32%         1
 Magic Dart               Conj           0%         1d3       32%         1
 Blink                    Tloc           0%         N/A       45%         2
 Call Imp                 Summ           0%         N/A       45%         2
 Cigotuvi's Dreadful Rot  Necr/Alch/Air  0%         N/A       45%         2
 Confusing Touch          Hex            0%         N/A       69%         3
 Dispel Undead            Necr           0%         3d6       97%         4
 Martyr's Knell           Necr/Summ      0%         N/A       97%         4
 Death Channel            Necr           0%         N/A       100%        6


Dungeon Overview and Level Annotations

Branches:
Dungeon (2/15)

Altars:

Shops:
D:1 ?

Annotations:
D:2 Natasha


Innate Abilities, Weirdness & Mutations

You are a hulking beast.
Your limbs bulge with bestial killing power. (Slay +2)
You cannot wear most types of armour.
You are amphibious.
You can wear up to eight rings at the same time.
Your skin changes colour to match your surroundings (Stealth+).
Your rubbery body absorbs attacks. (AC +1, EV +1)
((You are camouflaged when in or above water. (Stealth+)))
You have tentacles for arms and can constrict up to eight enemies at once.


Message History

You feel sick.
You climb upwards.
You feel sick.
There is a stone staircase leading down here.
You start resting.
You feel sick.
You are no longer poisoned.
You start resting.
HP restored.
You climb downwards.
Level annotation: Natasha
There is a stone staircase leading up here.
Found a scroll labelled UWNIES HONTIOD.
Natasha casts a spell at you.
You feel yourself slow down. Natasha claws you.
You closely miss Natasha. You grab Natasha. You tentacle-slap Natasha.
Natasha is moderately wounded.
You constrict Natasha, but do no damage.
Natasha mumbles some strange words.
Natasha barely misses you.
You barely miss Natasha.
Natasha is moderately wounded.
You constrict Natasha. Natasha claws you. The cerulean imp barely misses you.
You tentacle-slap Natasha.
Natasha is heavily wounded.
You constrict Natasha. Natasha casts a spell at you. The magic dart hits you.
The cerulean imp hits you with a +2 spear.
* * * LOW HITPOINT WARNING * * *
You tentacle-slap Natasha.
Natasha is severely wounded.
You constrict Natasha.
The cerulean imp hits you with a +2 spear.
* * * LOW HITPOINT WARNING * * *
Natasha closely misses you.
The cerulean imp hits you with a +2 spear.
* * * LOW HITPOINT WARNING * * *
Natasha claws you.
You die...
Natasha begins licking her fur clean.

....#..#.#
.....>.#
#.††.####
#.#.......#
#.#.........#
#...###.##.....
#.......<# ####
#)#...#..#
#..##.#h.# ## #
#h5..# #.....#
#.###.# #.# .#
#.. # #.? #..


You could see Natasha and a cerulean imp (summoned).

Vanquished Creatures
  Natasha (D:2)
  An adder (D:2)
  2 dart slugs (D:1)
  A bat (D:1)
  4 endoplasms (D:1)
  3 hobgoblins (D:1)
  4 jackals (D:1)
  5 quokkas (D:1)
  3 ball pythons (D:1)
  5 frilled lizards (D:1)
  4 kobolds (D:1)
  3 rats (D:1)
36 creatures vanquished.

Notes
Turn   | Place    | Note
-------+----------+-------------------------------------------
     0 | D:1      | timneilson the Octopode Shapeshifter began the quest for
                  | the Orb.
     0 | D:1      | Reached XP level 1. HP: 13/13 MP: 1/1
    23 | D:1      | Reached XP level 2. HP: 12/18 MP: 2/2
   234 | D:1      | Reached XP level 3. HP: 21/23 MP: 3/3
   313 | D:1      | Found Fagguxih's Magic Scroll Boutique.
   471 | D:1      | Reached XP level 4. HP: 29/29 MP: 4/4
   720 | D:2      | Noticed Natasha
   726 | D:2      | Killed Natasha
   730 | D:2      | Noticed Natasha
   849 | D:2      | Slain by Natasha

Illustrated notes

Levels and vault maps discovered:
D:1:      enne_arrival_octagon_isle, layout_loops_ring, serial_shops, shop,
          minmay_pentomino_x4
D:2:      minmay_chambers_of_ones, layout_basic, serial_shops, shop,
          uniq_natasha

Skill      XL: |  1  2  3  4 |
---------------+-------------+-----
Fighting       | 2 |  2.2
Dodging        | |  2.9
Unarmed Combat | |  3.7
Shapeshifting  | |  3.5

Action                     |  1- 3 |  4- 6 || total
---------------------------+-------+-------++-------
  Melee: Unarmed           |    46 |    16 ||    62
         Constrict         |    16 |     5 ||    21
         Tentacles         |    12 |     2 ||    14
         Punch             |     1 |     3 ||     4
    Use: Scroll            |       |     5 ||     5
   Stab: Sleeping          |     5 |       ||     5
 Armour: Skin              |    16 |    15 ||    31
  Dodge: Dodged            |    18 |     8 ||    26

Table legend: (Time is in decaauts)
 A = Elapsed time spent in this place.
 B = Non-inter-level travel time spent in this place.
 C = Inter-level travel time spent in this place.
 D = Time resting spent in this place.
 E = Time spent auto-exploring this place.
 F = Levels seen in this place.
 G = Mean time per level.
                   A        B        C        D        E       F      G
               +--------+--------+--------+--------+--------+-----+--------+
         Total |    847 |    821 |     26 |    108 |    481 |   2 |  423.5 |
       Dungeon |    847 |    821 |     26 |    108 |    481 |   2 |  423.5 |
               +--------+--------+--------+--------+--------+-----+--------+

Top non-repeatable levels by time:
     D:1: 827 daAuts
     D:2: 19 daAuts
